Wranglers vs Marlies (R1)

Created - November 6, 2025 at 19:32

Goals
1 2 3 T
Wranglers 1 1 1 3
Marlies 1 1 2 4
Shots
1 2 3 T
Wranglers 10 18 5 33
Marlies 8 19 5 32

1st period

1. Wranglers , Vladislav Kamenev 1 (Erik Brannstrom 1, Dominik Masin 1) at 0:59
2. Marlies , Alex Formenton 1 (Kole Sherwood 1, Rasmus Dahlin 1) at 2:34

Penalties :
Barclay Goodrow (Cal) for Interference (Minor) at 4:37, Christian Jaros (Cal) for Holding (Minor) at 9:48, Dominik Masin (Cal) for Hooking (Minor) at 18:09

2nd period

3. Marlies , Lias Andersson 1 (Joel Farabee 1, Mathieu Olivier 1) at 2:10
4. Wranglers , Barclay Goodrow 1 (Nico Sturm 1) at 16:11 (PP)

Penalties :
Keaton Thompson (Tor) for Roughing (Minor) at 6:05, Kole Sherwood (Tor) for Tripping (Minor) at 13:22, Mathieu Olivier (Tor) for Close Hand On Puck (Minor) at 16:05

3rd period

5. Wranglers , Barclay Goodrow 2 (Brandon Hickey 1, Christian Jaros 1) at 5:42 (PP)
6. Marlies , Alex Formenton 2 (Kole Sherwood 2, Matthew Highmore 1) at 13:22
7. Marlies , Isac Lundestrom 1 (Arthur Kaliyev 1, Keaton Thompson 1) at 17:04

Penalties :
Petteri Lindbohm (Cal) for Roughing (Minor) at 2:01, John Ludvig (Tor) for High sticking (Minor) at 4:59

Goalie Stats

Vitek Vanecek (Cal), 28 saves from 32 shots - (0.875), L, 0-1-0, 59:39 minutes
Logan Thompson (Tor), 30 saves from 33 shots - (0.909), W, 1-0-0, 60:00 minutes

Players Stats for Wranglers

Player Name              G  A  P  +/- PIM S  H  SB GA TA FO     MP     PP MP  PK MP  
------------------------------------------------------------------------------------
                         0  0  0   0  0   0  0  0  0  0  0/0     0:00   0:00   0:00 
                         0  0  0   0  0   0  0  0  0  0  0/0     0:00   0:00   0:00 
                         0  0  0   0  0   0  0  0  0  0  0/0     0:00   0:00   0:00 
                         0  0  0   0  0   0  0  0  0  0  0/0     0:00   0:00   0:00 
                         0  0  0   0  0   0  0  0  0  0  0/0     0:00   0:00   0:00 
                         0  0  0   0  0   0  0  0  0  0  0/0     0:00   0:00   0:00 
                         0  0  0   0  0   0  0  0  0  0  0/0     0:00   0:00   0:00 
Barclay Goodrow          2  0  2  -1  2   6  2  0  0  1  0/0    25:53   2:49   3:36 
Brandon Hickey           0  1  1  -2  0   2  0  3  0  2  0/0    22:49   1:34   3:31 
Christian Jaros          0  1  1  -2  2   1  0  0  0  0  0/0    22:53   1:34   3:26 
Darren Raddysh           0  0  0   0  0   0  0  0  0  0  0/0     7:19   0:00   0:21 
Dominik Masin            0  1  1   0  2   0  2  0  0  2  0/0    25:06   3:13   2:47 
Erik Brannstrom          0  1  1   0  0   3  1  2  0  1  0/0    26:45   3:13   4:25 
Jesper Bratt             0  0  0  -1  0   4  2  0  0  0  2/3    22:07   2:49   0:29 
Kaapo Kakko              0  0  0   0  0   1  0  1  0  0  0/0    10:12   0:00   0:00 
Marco Rossi              0  0  0   0  0   1  0  0  0  0  1/3     8:11   0:00   1:11 
Nico Sturm               0  1  1  -1  0   3  0  1  1  0  23/37  26:20   2:49   4:32 
Petteri Lindbohm         0  0  0  -1  2   0  1  0  0  0  0/0    11:49   0:00   1:22 
Phillip Danault          0  0  0  -2  0   2  3  0  1  0  0/0    14:07   0:00   3:11 
Ryan Donato              0  0  0  -2  0   1  0  0  0  0  9/15   13:10   1:58   0:06 
Tanner Jeannot           0  0  0   0  0   2  1  0  0  0  0/0    12:10   1:58   0:00 
Taylor Raddysh           0  0  0  -2  0   3  3  0  1  1  1/3    12:54   1:58   0:00 
Trevor Carrick           0  0  0  -1  0   0  1  0  0  0  0/0    10:26   0:00   0:00 
Vitali Kravtsov          0  0  0   0  0   1  1  0  0  0  0/0     7:30   0:00   0:40 
Vladislav Kamenev        1  0  1   0  0   3  3  0  0  0  2/11   12:19   0:00   2:07 

Players Stats for Marlies

Player Name              G  A  P  +/- PIM S  H  SB GA TA FO     MP     PP MP  PK MP  
------------------------------------------------------------------------------------
                         0  0  0   0  0   0  0  0  0  0  0/0     0:00   0:00   0:00 
                         0  0  0   0  0   0  0  0  0  0  0/0     0:00   0:00   0:00 
                         0  0  0   0  0   0  0  0  0  0  0/0     0:00   0:00   0:00 
                         0  0  0   0  0   0  0  0  0  0  0/0     0:00   0:00   0:00 
                         0  0  0   0  0   0  0  0  0  0  0/0     0:00   0:00   0:00 
                         0  0  0   0  0   0  0  0  0  0  0/0     0:00   0:00   0:00 
                         0  0  0   0  0   0  0  0  0  0  0/0     0:00   0:00   0:00 
Alex Formenton           2  0  2   2  0   2  1  1  0  0  0/1    20:00   3:18   1:26 
Arthur Kaliyev           0  1  1   0  0   0  2  1  0  0  0/0    10:22   0:00   0:00 
Dawson Mercer            0  0  0   0  0   0  0  0  0  0  0/0     6:37   0:11   0:00 
Dmitri Samorukov         0  0  0   0  0   1  1  3  1  0  0/0    22:11   2:55   2:35 
Hendrix Lapierre         0  0  0   0  0   1  0  0  0  0  4/6     6:27   0:00   0:13 
Isac Lundestrom          1  0  1   0  0   3  1  0  0  0  7/14   16:32   4:27   1:33 
Jacob Bernard-Docker     0  0  0   3  0   1  0  0  0  0  0/0    13:53   0:00   0:59 
Joel Farabee             0  1  1   1  0   2  1  0  1  0  2/3    19:28   4:38   0:00 
John Ludvig              0  0  0   3  2   0  1  3  0  1  0/0    12:53   0:00   0:00 
Keaton Thompson          0  1  1   0  2   3  0  2  1  1  0/0    21:24   5:01   1:13 
Kole Sherwood            0  2  2   2  2   3  4  4  0  0  1/1    17:59   3:18   0:28 
Lias Andersson           1  0  1   1  0   1  0  1  0  0  11/29  19:36   0:11   3:01 
Lucas Carlsson           0  0  0   0  0   0  4  7  2  1  0/0    25:13   2:55   2:31 
Mathieu Olivier          0  1  1   1  2   4  5  0  0  0  1/2    23:34   4:27   2:53 
Matthew Highmore         0  1  1   2  0   4  2  1  0  0  7/15   17:25   3:18   0:00 
Otto Koivula             0  0  0   0  0   0  1  0  1  0  0/0    10:22   0:00   0:00 
Rasmus Dahlin            0  1  1   0  0   5  2  2  1  0  0/0    24:59   5:01   2:16 
Samuel Fagemo            0  0  0   0  0   2  1  1  0  0  1/1     6:14   0:00   0:00 

3 Stars

1 - Alex Formenton (Tor)
2 - Kole Sherwood (Tor)
3 - Barclay Goodrow (Cal)

Power Play

Wranglers - 2 on 4 Attempt(s) - 50.00%
Marlies - 0 on 4 Attempt(s) - 0.00%

Penalty Kill

Wranglers - 4 on 4 Attempt(s) - 100.00% - Score 0 goal in Penalty Kill
Marlies - 2 on 4 Attempt(s) - 50.00% - Score 0 goal in Penalty Kill

Team Stat

Wranglers - Hits : 20 - Faceoff Wins : 38 - Blocked Shots : 7 - Penalty Minutes : 8
Marlies - Hits : 26 - Faceoff Wins : 34 - Blocked Shots : 26 - Penalty Minutes : 8

Official

Referees : Corey Syvret and Justin St. Pierre
Linesman : Scott Cherrey and James Tobias

Game Notes

No Game Note

Finance

Level 1 -- Attendance: 1701 (85.05%) -- Ticket Income $119,070
Level 2 -- Attendance: 974 (97.40%) -- Ticket Income $38,960
Total Attendance: 2675 (89.17%)
Total Ticket Income: $158,030
Other Income: $7,902
Total Income: $165,932

Wranglers

5 vs 5 Forward 
   Center                   Left Wing                Right Wing               Time % Phy DF OF 
 1 Nico Sturm               Jesper Bratt             Barclay Goodrow          40     1   2  2  
 2 Ryan Donato              Phillip Danault          Taylor Raddysh           30     1   2  2  
 3 Vladislav Kamenev        Tanner Jeannot           Kaapo Kakko              20     1   2  2  
 4 Marco Rossi              Vitali Kravtsov          Darren Raddysh           10     1   2  2  

5 vs 5 Defense 
   Defense                  Defense                                           Time % Phy DF OF 
 1 Dominik Masin            Erik Brannstrom                                   40     1   2  2  
 2 Brandon Hickey           Christian Jaros                                   30     1   2  2  
 3 Trevor Carrick           Petteri Lindbohm                                  20     1   2  2  
 4 Brandon Hickey           Christian Jaros                                   10     1   2  2  

PowerPlay Forward 
   Center                   Left Wing                Right Wing               Time % Phy DF OF 
 1 Nico Sturm               Jesper Bratt             Barclay Goodrow          60     1   2  2  
 2 Ryan Donato              Tanner Jeannot           Taylor Raddysh           40     1   2  2  

PowerPlay Defense
   Defense                  Defense                                           Time % Phy DF OF 
 1 Dominik Masin            Erik Brannstrom                                   60     1   2  2  
 2 Brandon Hickey           Christian Jaros                                   40     1   2  2  

Penalty Kill 4 Players Forward 
   Center                   Wing                     Time % Phy DF OF 
 1 Nico Sturm               Barclay Goodrow          60     1   2  2  
 2 Vladislav Kamenev        Phillip Danault          40     1   2  2  

Penalty Kill 4 Players Defense
   Defense                  Defense                  Time % Phy DF OF 
 1 Dominik Masin            Erik Brannstrom          60     1   2  2  
 2 Brandon Hickey           Christian Jaros          40     1   2  2  

Penalty Kill - 3 Players Forward 
   Forward                                           Time % Phy DF OF 
 1 Nico Sturm                                        60     1   2  2  
 2 Barclay Goodrow                                   40     1   2  2  

Penalty Kill - 3 Players Defense
   Defense                  Defense                  Time % Phy DF OF 
 1 Dominik Masin            Erik Brannstrom          60     1   2  2  
 2 Brandon Hickey           Christian Jaros          40     1   2  2  

4 vs 4 Forward 
   Center                   Wing                     Time % Phy DF OF 
 1 Nico Sturm               Jesper Bratt             60     1   2  2  
 2 Ryan Donato              Barclay Goodrow          40     1   2  2  

4 vs 4 Defense
   Defense                  Defense                  Time % Phy DF OF 
 1 Dominik Masin            Erik Brannstrom          60     1   2  2  
 2 Brandon Hickey           Christian Jaros          40     1   2  2  

Last Minutes Offensive
   Center                   Left Wing                Right Wing               Defense                  Defense                  
   Nico Sturm               Jesper Bratt             Barclay Goodrow          Dominik Masin            Erik Brannstrom          

Last Minutes Defensive
   Center                   Left Wing                Right Wing               Defense                  Defense                  
   Nico Sturm               Phillip Danault          Barclay Goodrow          Dominik Masin            Erik Brannstrom          

Goaltenders
Starting : Vitek Vanecek            
Backup : Joel Hofer               

Extra Forwards
Normal : Nico Sturm, Barclay Goodrow, Phillip Danault - PP : Phillip Danault, Barclay Goodrow - PK : Phillip Danault
Extra Defensemen
Normal : Erik Brannstrom, Dominik Masin, Petteri Lindbohm - PP : Dominik Masin - PK : Christian Jaros, Petteri Lindbohm
Penalty Shots
Jesper Bratt, Ryan Donato, Nico Sturm, Taylor Raddysh, Phillip Danault
Custom OT Lines Forwards
Nico Sturm, Barclay Goodrow, Ryan Donato, Jesper Bratt, Phillip Danault, Kaapo Kakko, Taylor Raddysh, Marco Rossi, Tanner Jeannot, Vladislav Kamenev
Custom OT Lines Defensemen
Erik Brannstrom, Dominik Masin, Christian Jaros, Brandon Hickey, Petteri Lindbohm

Scratches
Chase Bradley (Healthy), William Villeneuve (Healthy), Yan Kuznetsov (Healthy), Skyler Brind'Amour (Healthy), Ivan Chekhovich (Healthy)
Radim Zohorna (Healthy), Zac Jones (Healthy), Yegor Zaitsev (Healthy), Lucas Feuk (Healthy), Cole Schwindt (Healthy)
Nico Daws (Healthy), Collin Delia (Healthy)

Marlies

5 vs 5 Forward 
   Center                   Left Wing                Right Wing               Time % Phy DF OF 
 1 Lias Andersson           Joel Farabee             Mathieu Olivier          40     1   2  2  
 2 Matthew Highmore         Alex Formenton           Kole Sherwood            30     1   2  2  
 3 Isac Lundestrom          Otto Koivula             Arthur Kaliyev           20     1   2  2  
 4 Hendrix Lapierre         Samuel Fagemo            Dawson Mercer            10     1   2  2  

5 vs 5 Defense 
   Defense                  Defense                                           Time % Phy DF OF 
 1 Rasmus Dahlin            Lucas Carlsson                                    40     1   2  2  
 2 Keaton Thompson          Dmitri Samorukov                                  30     1   2  2  
 3 Jacob Bernard-Docker     John Ludvig                                       20     1   2  2  
 4 Rasmus Dahlin            Lucas Carlsson                                    10     1   2  2  

PowerPlay Forward 
   Center                   Left Wing                Right Wing               Time % Phy DF OF 
 1 Isac Lundestrom          Joel Farabee             Mathieu Olivier          60     1   2  2  
 2 Matthew Highmore         Alex Formenton           Kole Sherwood            40     1   2  2  

PowerPlay Defense
   Defense                  Defense                                           Time % Phy DF OF 
 1 Rasmus Dahlin            Keaton Thompson                                   60     1   2  2  
 2 Lucas Carlsson           Dmitri Samorukov                                  40     1   2  2  

Penalty Kill 4 Players Forward 
   Center                   Wing                     Time % Phy DF OF 
 1 Lias Andersson           Mathieu Olivier          60     1   2  2  
 2 Isac Lundestrom          Kole Sherwood            40     1   2  2  

Penalty Kill 4 Players Defense
   Defense                  Defense                  Time % Phy DF OF 
 1 Dmitri Samorukov         Lucas Carlsson           60     1   2  2  
 2 Rasmus Dahlin            Keaton Thompson          40     1   2  2  

Penalty Kill - 3 Players Forward 
   Forward                                           Time % Phy DF OF 
 1 Lias Andersson                                    60     1   2  2  
 2 Isac Lundestrom                                   40     1   2  2  

Penalty Kill - 3 Players Defense
   Defense                  Defense                  Time % Phy DF OF 
 1 Dmitri Samorukov         Lucas Carlsson           60     1   2  2  
 2 Rasmus Dahlin            Keaton Thompson          40     1   2  2  

4 vs 4 Forward 
   Center                   Wing                     Time % Phy DF OF 
 1 Lias Andersson           Mathieu Olivier          60     1   2  2  
 2 Matthew Highmore         Alex Formenton           40     1   2  2  

4 vs 4 Defense
   Defense                  Defense                  Time % Phy DF OF 
 1 Dmitri Samorukov         Lucas Carlsson           60     1   2  2  
 2 Rasmus Dahlin            Keaton Thompson          40     1   2  2  

Last Minutes Offensive
   Center                   Left Wing                Right Wing               Defense                  Defense                  
   Isac Lundestrom          Joel Farabee             Dawson Mercer            Rasmus Dahlin            Keaton Thompson          

Last Minutes Defensive
   Center                   Left Wing                Right Wing               Defense                  Defense                  
   Lias Andersson           Alex Formenton           Mathieu Olivier          Dmitri Samorukov         Lucas Carlsson           

Goaltenders
Starting : Logan Thompson           
Backup : Veini Vehvilainen        

Extra Forwards
Normal : Lias Andersson, Matthew Highmore, Isac Lundestrom - PP : Lias Andersson, Matthew Highmore - PK : Lias Andersson
Extra Defensemen
Normal : Dmitri Samorukov, Jacob Bernard-Docker, John Ludvig - PP : Dmitri Samorukov - PK : Dmitri Samorukov, Jacob Bernard-Docker
Penalty Shots
Joel Farabee, Matthew Highmore, Otto Koivula, Mathieu Olivier, Arthur Kaliyev
Custom OT Lines Forwards
Mathieu Olivier, Alex Formenton, Joel Farabee, Kole Sherwood, Lias Andersson, Matthew Highmore, Isac Lundestrom, Otto Koivula, Arthur Kaliyev, Dawson Mercer
Custom OT Lines Defensemen
Rasmus Dahlin, Lucas Carlsson, Keaton Thompson, Dmitri Samorukov, John Ludvig

Scratches
Luke Reid (Healthy), Topi Niemela (Healthy), Jack Thompson (Healthy), John Farinacci (Healthy), Landon Slaggert (Healthy)
Kasper Simontaival (Healthy), Alexander Pashin (Healthy), Xavier Bernard (Healthy), Jonathan Davidsson (Healthy), Jan Jenik (Healthy)
Blake Murray (Healthy), Vasili Podkolzin (Healthy), Drew Commesso (Healthy)

% Time on Ice - Wranglers

Lines # - Real PCT - Wanted PCT - Time Play
Normal Forward
1 - 40% - 40% - 18:26
2 - 24% - 30% - 10:56
3 - 22% - 20% - 10:12
4 - 14% - 10% - 6:38
Normal Defense
1 - 39% - 40% - 18:08
2 - 33% - 30% - 15:05
3 - 23% - 20% - 10:26
4 - 6% - 10% - 2:33
PP Forward
1 - 59% - 60% - 2:49
2 - 41% - 40% - 1:58
PP Defense
1 - 67% - 60% - 3:13
2 - 33% - 40% - 1:34
PK Forward
1 - 73% - 60% - 5:49
2 - 27% - 40% - 2:07
PK Defense
1 - 56% - 60% - 4:25
2 - 44% - 40% - 3:31
PK3 Forward
1 - 0% - 60%
2 - 0% - 40%
PK3 Defense
1 - 0% - 60%
2 - 0% - 40%
44 Forward
1 - 0% - 60%
2 - 0% - 40%
44 Defense
1 - 0% - 60%
2 - 0% - 40%
Last Minute Offensive  - 1:05
Last Minute Defensive  - 0:00
Total
Forward - 60:00
Defense - 60:00

% Time on Ice - Marlies

Lines # - Real PCT - Wanted PCT - Time Play
Normal Forward
1 - 33% - 40% - 15:25
2 - 31% - 30% - 14:14
3 - 22% - 20% - 10:22
4 - 13% - 10% - 6:14
Normal Defense
1 - 38% - 40% - 17:40
2 - 31% - 30% - 14:32
3 - 28% - 20% - 12:54
4 - 2% - 10% - 1:09
PP Forward
1 - 58% - 60% - 4:38
2 - 42% - 40% - 3:18
PP Defense
1 - 63% - 60% - 5:01
2 - 37% - 40% - 2:55
PK Forward
1 - 77% - 60% - 3:40
2 - 23% - 40% - 1:07
PK Defense
1 - 53% - 60% - 2:31
2 - 47% - 40% - 2:16
PK3 Forward
1 - 0% - 60%
2 - 0% - 40%
PK3 Defense
1 - 0% - 60%
2 - 0% - 40%
44 Forward
1 - 0% - 60%
2 - 0% - 40%
44 Defense
1 - 0% - 60%
2 - 0% - 40%
Last Minute Offensive  - 0:00
Last Minute Defensive  - 1:02
Total
Forward - 60:00
Defense - 60:00

Play-by-Play

1st period


0:01 of 1st period - Nico Sturm wins face-off versus Lias Andersson in neutral zone.
0:49 of 1st period - Keaton Thompson is hit by Vladislav Kamenev.
0:57 of 1st period - Slapshot by Erik Brannstrom.
0:57 of 1st period - Stopped by Logan Thompson with a rebound.
0:59 of 1st period - Snap shot by Vladislav Kamenev.
0:59 of 1st period - Goal by Vladislav Kamenev - Wranglers : 1 - Marlies : 0.
1:00 of 1st period - Marco Rossi wins face-off versus Hendrix Lapierre in neutral zone.
1:15 of 1st period - Wrist shot by Vitali Kravtsov.
1:15 of 1st period - Deflect By Marco Rossi.
1:15 of 1st period - Stopped by Logan Thompson without a rebound.
1:16 of 1st period - Jesper Bratt wins face-off versus Lias Andersson in Marlies zone.
1:43 of 1st period - Lucas Carlsson is hit by Petteri Lindbohm and loses puck.
1:52 of 1st period - Slapshot by Joel Farabee.
1:52 of 1st period - Shot Misses the Net.
1:54 of 1st period - Wrist shot by Keaton Thompson.
1:54 of 1st period - Stopped by Vitek Vanecek without a rebound.
1:55 of 1st period - Ryan Donato wins face-off versus Matthew Highmore in Wranglers zone.
2:02 of 1st period - Wrist shot by Phillip Danault.
2:02 of 1st period - Stopped by Logan Thompson with a rebound.
2:04 of 1st period - Snap shot by Taylor Raddysh.
2:04 of 1st period - Stopped by Logan Thompson without a rebound.
2:05 of 1st period - Ryan Donato wins face-off versus Matthew Highmore in Marlies zone.
2:32 of 1st period - Snap shot by Alex Formenton.
2:32 of 1st period - Shot Blocked by Brandon Hickey.
2:34 of 1st period - Slapshot by Alex Formenton.
2:34 of 1st period - Goal by Alex Formenton - Wranglers : 1 - Marlies : 1.
2:35 of 1st period - Nico Sturm wins face-off versus Isac Lundestrom in neutral zone.
3:05 of 1st period - Wrist shot by Joel Farabee.
3:05 of 1st period - Deflect By Tanner Jeannot.
3:05 of 1st period - Stopped by Vitek Vanecek with a rebound.
4:05 of 1st period - Slapshot by Marco Rossi.
4:05 of 1st period - Shot Blocked by Dmitri Samorukov.
4:35 of 1st period - Slapshot by Rasmus Dahlin.
4:35 of 1st period - Stopped by Vitek Vanecek with a rebound.
4:37 of 1st period - Minor Penalty to Barclay Goodrow for Interference.
4:38 of 1st period - Nico Sturm wins face-off versus Isac Lundestrom in Wranglers zone.
4:38 of 1st period - Nico Sturm is hit by Mathieu Olivier.
4:48 of 1st period - Slapshot by Rasmus Dahlin.
4:48 of 1st period - Shot Blocked by Brandon Hickey.
4:50 of 1st period - Snap shot by Joel Farabee.
4:50 of 1st period - Stopped by Vitek Vanecek with a rebound.
6:16 of 1st period - Brandon Hickey is hit by Rasmus Dahlin and loses puck.
6:37 of 1st period - Penalty to Barclay Goodrow is over, Barclay Goodrow is back on ice.
7:15 of 1st period - Petteri Lindbohm is hit by Arthur Kaliyev.
7:53 of 1st period - Samuel Fagemo is hit by Barclay Goodrow and loses puck.
8:32 of 1st period - Erik Brannstrom is hit by Isac Lundestrom and loses puck.
9:03 of 1st period - Erik Brannstrom is hit by Samuel Fagemo and loses puck.
9:48 of 1st period - Minor Penalty to Christian Jaros for Holding.
9:49 of 1st period - Nico Sturm wins face-off versus Matthew Highmore in Wranglers zone.
9:58 of 1st period - Brandon Hickey is hit by Kole Sherwood and loses puck.
10:03 of 1st period - Slapshot by Kole Sherwood.
10:03 of 1st period - Shot Blocked by Nico Sturm.
10:05 of 1st period - Snap shot by Keaton Thompson.
10:05 of 1st period - Shot Misses the Net.
10:19 of 1st period - Phillip Danault is hit by Mathieu Olivier and loses puck.
11:06 of 1st period - Vladislav Kamenev is hit by Lucas Carlsson and loses puck.
11:45 of 1st period - Isac Lundestrom is hit by Barclay Goodrow and loses puck.
11:48 of 1st period - Penalty to Christian Jaros is over, Christian Jaros is back on ice.
12:07 of 1st period - Icing by John Ludvig.
12:08 of 1st period - Samuel Fagemo wins face-off versus Vladislav Kamenev in Marlies zone.
12:24 of 1st period - Icing by Vladislav Kamenev.
12:25 of 1st period - Vladislav Kamenev wins face-off versus Alex Formenton in Wranglers zone.
12:32 of 1st period - Snap shot by Vladislav Kamenev.
12:32 of 1st period - Shot Blocked by Alex Formenton.
12:34 of 1st period - Wrist shot by Vladislav Kamenev.
12:34 of 1st period - Shot Blocked by Kole Sherwood.
12:38 of 1st period - Snap shot by Tanner Jeannot.
12:38 of 1st period - Shot Misses the Net.
12:40 of 1st period - Slapshot by Petteri Lindbohm.
12:40 of 1st period - Shot Blocked by Kole Sherwood.
12:42 of 1st period - Wrist shot by Vladislav Kamenev.
12:42 of 1st period - Deflect By Tanner Jeannot.
12:42 of 1st period - Shot Blocked by Rasmus Dahlin.
12:42 of 1st period - Puck is out of play.
12:43 of 1st period - Lias Andersson wins face-off versus Ryan Donato in Marlies zone.
13:08 of 1st period - Dominik Masin is hit by Kole Sherwood and loses puck.
13:37 of 1st period - Tanner Jeannot is hit by Otto Koivula.
13:45 of 1st period - Dawson Mercer is hit by Vladislav Kamenev and loses puck.
13:54 of 1st period - Snap shot by Tanner Jeannot.
13:54 of 1st period - Stopped by Logan Thompson without a rebound.
13:55 of 1st period - Nico Sturm wins face-off versus Lias Andersson in Marlies zone.
13:58 of 1st period - Wrist shot by Barclay Goodrow.
13:58 of 1st period - Shot Misses the Net.
14:24 of 1st period - Snap shot by Ryan Donato.
14:24 of 1st period - Deflect By Taylor Raddysh.
14:24 of 1st period - Stopped by Logan Thompson without a rebound.
14:25 of 1st period - Ryan Donato wins face-off versus Matthew Highmore in Marlies zone.
14:26 of 1st period - Wrist shot by Phillip Danault.
14:26 of 1st period - Stopped by Logan Thompson with a rebound.
14:31 of 1st period - Off-side.
14:32 of 1st period - Nico Sturm wins face-off versus Lias Andersson in neutral zone.
14:35 of 1st period - Snap shot by Jesper Bratt.
14:35 of 1st period - Stopped by Logan Thompson with a rebound.
14:37 of 1st period - Snap shot by Jesper Bratt.
14:37 of 1st period - Shot Misses the Net.
14:39 of 1st period - Snap shot by Jesper Bratt.
14:39 of 1st period - Shot Blocked by Lucas Carlsson.
14:41 of 1st period - Slapshot by Erik Brannstrom.
14:41 of 1st period - Shot Misses the Net.
14:43 of 1st period - Wrist shot by Barclay Goodrow.
14:43 of 1st period - Stopped by Logan Thompson without a rebound.
14:44 of 1st period - Joel Farabee wins face-off versus Nico Sturm in Marlies zone.
14:51 of 1st period - Snap shot by Joel Farabee.
14:51 of 1st period - Shot Misses the Net.
15:22 of 1st period - Wrist shot by Alex Formenton.
15:22 of 1st period - Shot Misses the Net.
15:24 of 1st period - Slapshot by Rasmus Dahlin.
15:24 of 1st period - Deflect By Alex Formenton.
15:24 of 1st period - Shot Misses the Net.
15:24 of 1st period - Puck is out of play.
15:25 of 1st period - Isac Lundestrom wins face-off versus Nico Sturm in Wranglers zone.
16:36 of 1st period - Kole Sherwood is hit by Trevor Carrick.
17:00 of 1st period - Wrist shot by Erik Brannstrom.
17:00 of 1st period - Shot Misses the Net.
17:21 of 1st period - Otto Koivula is hit by Taylor Raddysh.
18:09 of 1st period - Minor Penalty to Dominik Masin for Hooking.
18:10 of 1st period - Nico Sturm wins face-off versus Isac Lundestrom in Wranglers zone.
18:33 of 1st period - Nico Sturm is hit by Dmitri Samorukov and loses puck.
18:50 of 1st period - Barclay Goodrow is hit by Mathieu Olivier and loses puck.
19:03 of 1st period - Snap shot by Mathieu Olivier.
19:03 of 1st period - Stopped by Vitek Vanecek without a rebound.
19:04 of 1st period - Matthew Highmore wins face-off versus Vladislav Kamenev in Wranglers zone.
19:07 of 1st period - Snap shot by Rasmus Dahlin.
19:07 of 1st period - Deflect By Kole Sherwood.
19:07 of 1st period - Shot Misses the Net.
19:07 of 1st period - Puck is out of play.
19:08 of 1st period - Matthew Highmore wins face-off versus Vladislav Kamenev in Wranglers zone.
19:09 of 1st period - Snap shot by Kole Sherwood.
19:09 of 1st period - Stopped by Vitek Vanecek without a rebound.
19:10 of 1st period - Matthew Highmore wins face-off versus Vladislav Kamenev in Wranglers zone.
19:25 of 1st period - Slapshot by Rasmus Dahlin.
19:25 of 1st period - Stopped by Vitek Vanecek with a rebound.
Goals for this period are 1 for Wranglers vs 1 for Marlies.
Shots for this period are 10 for Wranglers vs 8 for Marlies.

2nd period


0:01 of 2nd period - Joel Farabee wins face-off versus Nico Sturm in neutral zone.
0:04 of 2nd period - Slapshot by Mathieu Olivier.
0:04 of 2nd period - Stopped by Vitek Vanecek with a rebound.
0:06 of 2nd period - Backhand shot by Keaton Thompson.
0:06 of 2nd period - Stopped by Vitek Vanecek with a rebound.
0:08 of 2nd period - Slapshot by Keaton Thompson.
0:08 of 2nd period - Stopped by Vitek Vanecek without a rebound.
0:09 of 2nd period - Penalty to Dominik Masin is over, Dominik Masin is back on ice.
0:09 of 2nd period - Nico Sturm wins face-off versus Isac Lundestrom in Wranglers zone.
0:16 of 2nd period - Wrist shot by Joel Farabee.
0:16 of 2nd period - Shot Misses the Net.
0:18 of 2nd period - Snap shot by Isac Lundestrom.
0:18 of 2nd period - Stopped by Vitek Vanecek without a rebound.
0:19 of 2nd period - Nico Sturm wins face-off versus Lias Andersson in Wranglers zone.
0:45 of 2nd period - Dominik Masin is hit by Matthew Highmore and loses puck.
1:14 of 2nd period - Wrist shot by Tanner Jeannot.
1:14 of 2nd period - Stopped by Logan Thompson with a rebound.
1:31 of 2nd period - Brandon Hickey is hit by John Ludvig and loses puck.
2:08 of 2nd period - Slapshot by Joel Farabee.
2:08 of 2nd period - Shot Hit the Post.
2:10 of 2nd period - Snap shot by Lias Andersson.
2:10 of 2nd period - Goal by Lias Andersson - Wranglers : 1 - Marlies : 2.
2:11 of 2nd period - Lias Andersson wins face-off versus Nico Sturm in neutral zone.
2:20 of 2nd period - Wrist shot by Jesper Bratt.
2:20 of 2nd period - Stopped by Logan Thompson with a rebound.
2:28 of 2nd period - Slapshot by Lias Andersson.
2:28 of 2nd period - Deflect By Joel Farabee.
2:28 of 2nd period - Shot Blocked by Erik Brannstrom.
2:28 of 2nd period - Puck is out of play.
2:29 of 2nd period - Ryan Donato wins face-off versus Matthew Highmore in Wranglers zone.
2:42 of 2nd period - Wrist shot by Taylor Raddysh.
2:42 of 2nd period - Deflect By Ryan Donato.
2:42 of 2nd period - Stopped by Logan Thompson without a rebound.
2:43 of 2nd period - Lias Andersson wins face-off versus Nico Sturm in Marlies zone.
3:10 of 2nd period - Slapshot by Isac Lundestrom.
3:10 of 2nd period - Stopped by Vitek Vanecek with a rebound.
3:12 of 2nd period - Snap shot by Isac Lundestrom.
3:12 of 2nd period - Deflect By Arthur Kaliyev.
3:12 of 2nd period - Shot Blocked by Erik Brannstrom.
3:12 of 2nd period - Puck is out of play.
3:13 of 2nd period - Isac Lundestrom wins face-off versus Ryan Donato in Wranglers zone.
3:13 of 2nd period - Keaton Thompson is hit by Taylor Raddysh and loses puck.
4:04 of 2nd period - Snap shot by Jesper Bratt.
4:04 of 2nd period - Shot Misses the Net.
4:10 of 2nd period - Snap shot by Jesper Bratt.
4:10 of 2nd period - Shot Misses the Net.
4:23 of 2nd period - Off-side.
4:24 of 2nd period - Hendrix Lapierre wins face-off versus Marco Rossi in neutral zone.
4:54 of 2nd period - Snap shot by Joel Farabee.
4:54 of 2nd period - Deflect By Jesper Bratt.
4:54 of 2nd period - Shot Misses the Net.
4:54 of 2nd period - Puck is out of play.
4:55 of 2nd period - Nico Sturm wins face-off versus Joel Farabee in Wranglers zone.
5:41 of 2nd period - Snap shot by Samuel Fagemo.
5:41 of 2nd period - Stopped by Vitek Vanecek with a rebound.
5:43 of 2nd period - Snap shot by Dawson Mercer.
5:43 of 2nd period - Shot Misses the Net.
5:45 of 2nd period - Slapshot by Dmitri Samorukov.
5:45 of 2nd period - Stopped by Vitek Vanecek without a rebound.
5:46 of 2nd period - Hendrix Lapierre wins face-off versus Vladislav Kamenev in Wranglers zone.
5:49 of 2nd period - Wrist shot by Samuel Fagemo.
5:49 of 2nd period - Stopped by Vitek Vanecek with a rebound.
6:05 of 2nd period - Minor Penalty to Keaton Thompson for Roughing.
6:06 of 2nd period - Mathieu Olivier wins face-off versus Nico Sturm in Marlies zone.
8:03 of 2nd period - Icing by Tanner Jeannot.
8:04 of 2nd period - Ryan Donato wins face-off versus Lias Andersson in Wranglers zone.
8:05 of 2nd period - Penalty to Keaton Thompson is over, Keaton Thompson is back on ice.
8:19 of 2nd period - Slapshot by Vitali Kravtsov.
8:19 of 2nd period - Shot Misses the Net.
8:21 of 2nd period - Slapshot by Vitali Kravtsov.
8:21 of 2nd period - Stopped by Logan Thompson with a rebound.
8:23 of 2nd period - Slapshot by Petteri Lindbohm.
8:23 of 2nd period - Shot Blocked by Lucas Carlsson.
8:39 of 2nd period - Off-side.
8:40 of 2nd period - Matthew Highmore wins face-off versus Vladislav Kamenev in neutral zone.
8:47 of 2nd period - Wrist shot by Matthew Highmore.
8:47 of 2nd period - Stopped by Vitek Vanecek with a rebound.
8:49 of 2nd period - Slapshot by Kole Sherwood.
8:49 of 2nd period - Stopped by Vitek Vanecek without a rebound.
8:50 of 2nd period - Matthew Highmore wins face-off versus Nico Sturm in Wranglers zone.
8:56 of 2nd period - Nico Sturm is hit by Alex Formenton and loses puck.
9:19 of 2nd period - Wrist shot by Marco Rossi.
9:19 of 2nd period - Shot Misses the Net.
9:21 of 2nd period - Snap shot by Christian Jaros.
9:21 of 2nd period - Shot Blocked by John Ludvig.
9:25 of 2nd period - Snap shot by Marco Rossi.
9:25 of 2nd period - Shot Blocked by John Ludvig.
9:27 of 2nd period - Wrist shot by Brandon Hickey.
9:27 of 2nd period - Stopped by Logan Thompson with a rebound.
10:09 of 2nd period - Wrist shot by Hendrix Lapierre.
10:09 of 2nd period - Stopped by Vitek Vanecek with a rebound.
10:29 of 2nd period - Snap shot by Nico Sturm.
10:29 of 2nd period - Shot Blocked by Lucas Carlsson.
10:49 of 2nd period - Wrist shot by Vitali Kravtsov.
10:49 of 2nd period - Shot Misses the Net.
10:51 of 2nd period - Slapshot by Brandon Hickey.
10:51 of 2nd period - Stopped by Logan Thompson with a rebound.
10:53 of 2nd period - Snap shot by Brandon Hickey.
10:53 of 2nd period - Shot Blocked by Keaton Thompson.
11:05 of 2nd period - Isac Lundestrom is hit by Dominik Masin and loses puck.
11:10 of 2nd period - Slapshot by Erik Brannstrom.
11:10 of 2nd period - Shot Blocked by Dmitri Samorukov.
11:12 of 2nd period - Slapshot by Erik Brannstrom.
11:12 of 2nd period - Shot Blocked by Dmitri Samorukov.
11:14 of 2nd period - Snap shot by Phillip Danault.
11:14 of 2nd period - Shot Blocked by Arthur Kaliyev.
11:26 of 2nd period - Kaapo Kakko is hit by Mathieu Olivier and loses puck.
11:51 of 2nd period - Snap shot by Nico Sturm.
11:51 of 2nd period - Stopped by Logan Thompson without a rebound.
11:52 of 2nd period - Ryan Donato wins face-off versus Mathieu Olivier in Marlies zone.
12:05 of 2nd period - Slapshot by Rasmus Dahlin.
12:05 of 2nd period - Deflect By Petteri Lindbohm.
12:05 of 2nd period - Stopped by Vitek Vanecek with a rebound.
12:07 of 2nd period - Slapshot by Rasmus Dahlin.
12:07 of 2nd period - Stopped by Vitek Vanecek without a rebound.
12:08 of 2nd period - Jesper Bratt wins face-off versus Matthew Highmore in Wranglers zone.
12:13 of 2nd period - Slapshot by Erik Brannstrom.
12:13 of 2nd period - Stopped by Logan Thompson with a rebound.
12:15 of 2nd period - Wrist shot by Jesper Bratt.
12:15 of 2nd period - Shot Blocked by Kole Sherwood.
12:17 of 2nd period - Snap shot by Nico Sturm.
12:17 of 2nd period - Shot Misses the Net.
12:19 of 2nd period - Slapshot by Nico Sturm.
12:19 of 2nd period - Shot Misses the Net.
12:21 of 2nd period - Slapshot by Jesper Bratt.
12:21 of 2nd period - Shot Misses the Net.
12:23 of 2nd period - Snap shot by Barclay Goodrow.
12:23 of 2nd period - Stopped by Logan Thompson with a rebound.
12:35 of 2nd period - Ryan Donato is hit by Mathieu Olivier and loses puck.
13:01 of 2nd period - Slapshot by Rasmus Dahlin.
13:01 of 2nd period - Stopped by Vitek Vanecek without a rebound.
13:02 of 2nd period - Kole Sherwood wins face-off versus Nico Sturm in Wranglers zone.
13:11 of 2nd period - Backhand shot by Alex Formenton.
13:11 of 2nd period - Shot Misses the Net.
13:22 of 2nd period - Minor Penalty to Kole Sherwood for Tripping.
13:23 of 2nd period - Lias Andersson wins face-off versus Nico Sturm in Marlies zone.
13:33 of 2nd period - Snap shot by Mathieu Olivier.
13:33 of 2nd period - Stopped by Vitek Vanecek without a rebound.
13:34 of 2nd period - Nico Sturm wins face-off versus Lias Andersson in Wranglers zone.
13:43 of 2nd period - Wrist shot by Jesper Bratt.
13:43 of 2nd period - Shot Blocked by Lucas Carlsson.
13:45 of 2nd period - Snap shot by Barclay Goodrow.
13:45 of 2nd period - Stopped by Logan Thompson without a rebound.
13:46 of 2nd period - Nico Sturm wins face-off versus Lias Andersson in Marlies zone.
13:51 of 2nd period - Wrist shot by Jesper Bratt.
13:51 of 2nd period - Shot Blocked by Lucas Carlsson.
14:32 of 2nd period - Brandon Hickey is hit by Lucas Carlsson and loses puck.
15:22 of 2nd period - Penalty to Kole Sherwood is over, Kole Sherwood is back on ice.
15:28 of 2nd period - Icing by Jesper Bratt.
15:29 of 2nd period - Nico Sturm wins face-off versus Hendrix Lapierre in Wranglers zone.
15:46 of 2nd period - Wrist shot by Kole Sherwood.
15:46 of 2nd period - Stopped by Vitek Vanecek without a rebound.
15:47 of 2nd period - Matthew Highmore wins face-off versus Taylor Raddysh in Wranglers zone.
15:50 of 2nd period - Slapshot by Matthew Highmore.
15:50 of 2nd period - Stopped by Vitek Vanecek without a rebound.
15:51 of 2nd period - Lias Andersson wins face-off versus Taylor Raddysh in Wranglers zone.
16:05 of 2nd period - Minor Penalty to Mathieu Olivier for Close Hand On Puck.
16:06 of 2nd period - Nico Sturm wins face-off versus Lias Andersson in Marlies zone.
16:09 of 2nd period - Snap shot by Jesper Bratt.
16:09 of 2nd period - Stopped by Logan Thompson without a rebound.
16:10 of 2nd period - Nico Sturm wins face-off versus Lias Andersson in Marlies zone.
16:11 of 2nd period - Wrist shot by Barclay Goodrow.
16:11 of 2nd period - Goal by Barclay Goodrow - Wranglers : 2 - Marlies : 2.
16:12 of 2nd period - Nico Sturm wins face-off versus Lias Andersson in neutral zone.
16:15 of 2nd period - Snap shot by Jesper Bratt.
16:15 of 2nd period - Shot Blocked by Rasmus Dahlin.
16:17 of 2nd period - Snap shot by Nico Sturm.
16:17 of 2nd period - Stopped by Logan Thompson with a rebound.
16:19 of 2nd period - Slapshot by Jesper Bratt.
16:19 of 2nd period - Stopped by Logan Thompson without a rebound.
16:20 of 2nd period - Nico Sturm wins face-off versus Lias Andersson in Marlies zone.
16:40 of 2nd period - Wrist shot by Jesper Bratt.
16:40 of 2nd period - Shot Blocked by Lias Andersson.
16:42 of 2nd period - Wrist shot by Nico Sturm.
16:42 of 2nd period - Shot Blocked by Lucas Carlsson.
16:44 of 2nd period - Snap shot by Barclay Goodrow.
16:44 of 2nd period - Shot Misses the Net.
16:46 of 2nd period - Slapshot by Jesper Bratt.
16:46 of 2nd period - Shot Misses the Net.
17:04 of 2nd period - Jesper Bratt is hit by Lucas Carlsson and loses puck.
17:11 of 2nd period - Mathieu Olivier is hit by Dominik Masin and loses puck.
17:41 of 2nd period - Wrist shot by Mathieu Olivier.
17:41 of 2nd period - Stopped by Vitek Vanecek without a rebound.
17:42 of 2nd period - Ryan Donato wins face-off versus Matthew Highmore in Wranglers zone.
17:46 of 2nd period - Off-side.
17:47 of 2nd period - Matthew Highmore wins face-off versus Ryan Donato in neutral zone.
17:54 of 2nd period - Taylor Raddysh is hit by Kole Sherwood and loses puck.
18:20 of 2nd period - Off-side.
18:21 of 2nd period - Isac Lundestrom wins face-off versus Vladislav Kamenev in neutral zone.
18:28 of 2nd period - Kaapo Kakko is hit by Arthur Kaliyev and loses puck.
18:35 of 2nd period - Wrist shot by Vladislav Kamenev.
18:35 of 2nd period - Stopped by Logan Thompson with a rebound.
18:47 of 2nd period - Otto Koivula is hit by Vitali Kravtsov and loses puck.
19:45 of 2nd period - Snap shot by Vladislav Kamenev.
19:45 of 2nd period - Stopped by Logan Thompson with a rebound.
19:47 of 2nd period - Wrist shot by Kaapo Kakko.
19:47 of 2nd period - Stopped by Logan Thompson without a rebound.
19:48 of 2nd period - Nico Sturm wins face-off versus Lias Andersson in Marlies zone.
19:53 of 2nd period - Wrist shot by Nico Sturm.
19:53 of 2nd period - Shot Misses the Net.
19:55 of 2nd period - Snap shot by Barclay Goodrow.
19:55 of 2nd period - Stopped by Logan Thompson with a rebound.
Goals for this period are 1 for Wranglers vs 1 for Marlies.
Shots for this period are 18 for Wranglers vs 19 for Marlies.

3rd period


0:01 of 3rd period - Lias Andersson wins face-off versus Jesper Bratt in neutral zone.
0:14 of 3rd period - Wrist shot by Nico Sturm.
0:14 of 3rd period - Shot Misses the Net.
0:16 of 3rd period - Slapshot by Erik Brannstrom.
0:16 of 3rd period - Shot Blocked by Lucas Carlsson.
0:26 of 3rd period - Joel Farabee is hit by Tanner Jeannot and loses puck.
0:51 of 3rd period - Taylor Raddysh is hit by Matthew Highmore and loses puck.
1:15 of 3rd period - Wrist shot by Matthew Highmore.
1:15 of 3rd period - Deflect By Kole Sherwood.
1:15 of 3rd period - Shot Misses the Net.
1:15 of 3rd period - Puck is out of play.
1:16 of 3rd period - Isac Lundestrom wins face-off versus Nico Sturm in Wranglers zone.
1:38 of 3rd period - Icing by Petteri Lindbohm.
1:39 of 3rd period - Hendrix Lapierre wins face-off versus Nico Sturm in Wranglers zone.
2:01 of 3rd period - Minor Penalty to Petteri Lindbohm for Roughing.
2:02 of 3rd period - Nico Sturm wins face-off versus Isac Lundestrom in Wranglers zone.
2:07 of 3rd period - Slapshot by Erik Brannstrom.
2:07 of 3rd period - Deflect By Joel Farabee.
2:07 of 3rd period - Stopped by Logan Thompson without a rebound.
2:08 of 3rd period - Isac Lundestrom wins face-off versus Nico Sturm in Marlies zone.
2:39 of 3rd period - Brandon Hickey is hit by Rasmus Dahlin and loses puck.
4:01 of 3rd period - Penalty to Petteri Lindbohm is over, Petteri Lindbohm is back on ice.
4:19 of 3rd period - Hendrix Lapierre is hit by Vladislav Kamenev.
4:59 of 3rd period - Minor Penalty to John Ludvig for High sticking.
5:00 of 3rd period - Lias Andersson wins face-off versus Nico Sturm in Marlies zone.
5:14 of 3rd period - Wrist shot by Barclay Goodrow.
5:14 of 3rd period - Shot Misses the Net.
5:34 of 3rd period - Off-side.
5:35 of 3rd period - Nico Sturm wins face-off versus Isac Lundestrom in neutral zone.
5:38 of 3rd period - Slapshot by Christian Jaros.
5:38 of 3rd period - Shot Blocked by Kole Sherwood.
5:40 of 3rd period - Snap shot by Brandon Hickey.
5:40 of 3rd period - Shot Misses the Net.
5:42 of 3rd period - Snap shot by Brandon Hickey.
5:42 of 3rd period - Deflect By Barclay Goodrow.
5:42 of 3rd period - Goal by Barclay Goodrow - Wranglers : 3 - Marlies : 2.
5:43 of 3rd period - Nico Sturm wins face-off versus Lias Andersson in neutral zone.
7:52 of 3rd period - Slapshot by Keaton Thompson.
7:52 of 3rd period - Shot Blocked by Kaapo Kakko.
7:54 of 3rd period - Wrist shot by Matthew Highmore.
7:54 of 3rd period - Stopped by Vitek Vanecek without a rebound.
7:55 of 3rd period - Vladislav Kamenev wins face-off versus Matthew Highmore in Wranglers zone.
7:55 of 3rd period - Vladislav Kamenev is hit by Lucas Carlsson.
8:26 of 3rd period - Wrist shot by Jesper Bratt.
8:26 of 3rd period - Deflect By Nico Sturm.
8:26 of 3rd period - Shot Misses the Net.
8:26 of 3rd period - Puck is out of play.
8:27 of 3rd period - Lias Andersson wins face-off versus Nico Sturm in Marlies zone.
8:27 of 3rd period - Lias Andersson is hit by Jesper Bratt.
8:33 of 3rd period - Jesper Bratt is hit by Joel Farabee and loses puck.
8:54 of 3rd period - Wrist shot by Nico Sturm.
8:54 of 3rd period - Stopped by Logan Thompson with a rebound.
9:10 of 3rd period - Slapshot by Nico Sturm.
9:10 of 3rd period - Shot Blocked by Matthew Highmore.
9:40 of 3rd period - Slapshot by Alex Formenton.
9:40 of 3rd period - Shot Misses the Net.
10:13 of 3rd period - Snap shot by Matthew Highmore.
10:13 of 3rd period - Stopped by Vitek Vanecek with a rebound.
10:19 of 3rd period - Slapshot by Christian Jaros.
10:19 of 3rd period - Stopped by Logan Thompson with a rebound.
10:21 of 3rd period - Slapshot by Barclay Goodrow.
10:21 of 3rd period - Shot Misses the Net.
10:37 of 3rd period - Slapshot by Jacob Bernard-Docker.
10:37 of 3rd period - Stopped by Vitek Vanecek with a rebound.
12:14 of 3rd period - Barclay Goodrow is hit by Kole Sherwood and loses puck.
12:36 of 3rd period - Snap shot by Barclay Goodrow.
12:36 of 3rd period - Shot Blocked by John Ludvig.
13:20 of 3rd period - Snap shot by Kole Sherwood.
13:20 of 3rd period - Shot Blocked by Brandon Hickey.
13:22 of 3rd period - Wrist shot by Alex Formenton.
13:22 of 3rd period - Goal by Alex Formenton - Wranglers : 3 - Marlies : 3.
13:23 of 3rd period - Taylor Raddysh wins face-off versus Lias Andersson in neutral zone.
13:26 of 3rd period - Mathieu Olivier is hit by Phillip Danault and loses puck.
13:46 of 3rd period - Icing by Taylor Raddysh.
13:47 of 3rd period - Ryan Donato wins face-off versus Isac Lundestrom in Wranglers zone.
14:21 of 3rd period - Snap shot by Vitali Kravtsov.
14:21 of 3rd period - Shot Blocked by Keaton Thompson.
14:28 of 3rd period - Icing by Dmitri Samorukov.
14:29 of 3rd period - Ryan Donato wins face-off versus Lias Andersson in Marlies zone.
14:32 of 3rd period - Snap shot by Taylor Raddysh.
14:32 of 3rd period - Stopped by Logan Thompson without a rebound.
14:33 of 3rd period - Lias Andersson wins face-off versus Ryan Donato in Marlies zone.
14:33 of 3rd period - Lias Andersson is hit by Taylor Raddysh.
15:05 of 3rd period - Slapshot by Arthur Kaliyev.
15:05 of 3rd period - Shot Misses the Net.
15:11 of 3rd period - Lucas Carlsson is hit by Erik Brannstrom and loses puck.
16:11 of 3rd period - Icing by Dominik Masin.
16:12 of 3rd period - Isac Lundestrom wins face-off versus Vladislav Kamenev in Wranglers zone.
17:04 of 3rd period - Snap shot by Isac Lundestrom.
17:04 of 3rd period - Goal by Isac Lundestrom - Wranglers : 3 - Marlies : 4.
17:05 of 3rd period - Lias Andersson wins face-off versus Ryan Donato in neutral zone.
17:36 of 3rd period - Off-side.
17:37 of 3rd period - Isac Lundestrom wins face-off versus Marco Rossi in neutral zone.
18:08 of 3rd period - Off-side.
18:09 of 3rd period - Lias Andersson wins face-off versus Vladislav Kamenev in neutral zone.
18:35 of 3rd period - Snap shot by Erik Brannstrom.
18:35 of 3rd period - Deflect By Phillip Danault.
18:35 of 3rd period - Deflect By Lucas Carlsson.
18:35 of 3rd period - Shot Blocked by Samuel Fagemo.
18:35 of 3rd period - Puck is out of play.
18:36 of 3rd period - Hendrix Lapierre wins face-off versus Ryan Donato in Marlies zone.
18:36 of 3rd period - Hendrix Lapierre is hit by Phillip Danault.
18:50 of 3rd period - Samuel Fagemo is hit by Phillip Danault and loses puck.
19:09 of 3rd period - Off-side.
19:10 of 3rd period - Craig MacTavish call a timeout for Wranglers.
19:10 of 3rd period - Nico Sturm wins face-off versus Lias Andersson in neutral zone.
19:13 of 3rd period - Mathieu Olivier is hit by Jesper Bratt and loses puck.
19:35 of 3rd period - Off-side.
19:36 of 3rd period - Nico Sturm wins face-off versus Lias Andersson in neutral zone.
19:39 of 3rd period - Wranglers, Vitek Vanecek is pulled from the net.
Goals for this period are 1 for Wranglers vs 2 for Marlies.
Shots for this period are 5 for Wranglers vs 5 for Marlies.